Map: Cerulean Fall LE

Players

liquidthermy (uThermal) - Winner!

  • Race: Terran Terran
  • League: Master
  • Spawn Location: 1:00

llllllllllll (herO)

  • Race: Protoss Protoss
  • League: Master
  • Spawn Location: 7:00

Event: IEM Season 13 - Katowice Server Qualifiers Europe

VOD

Have the link to the VOD?

Description

Time

  • Played on: Jan. 8, 2019, 9:22 a.m.
  • Length: 7:29

All games in this series

Show
View Real Time Build Order
Export as new Build Order

liquidthermy Terran - Winner!

Build Orders: Reaper Expand 

Get SALT Encoding   

  12  0:02  SCV  
  13  0:14  SCV  
  14  0:17  Supply Depot  
  14  0:26  SCV  
  15  0:38  SCV  
  15  0:40  Barracks  
  16  0:44  Refinery  
  16  0:51  SCV  
  17  1:03  SCV  
  18  1:15  SCV  
  19  1:27  Reaper, Orbital Command  
  20  1:41  Command Center  
  20  1:51  Supply Depot  
  20  1:52  SCV  
  21  1:59  Marine  
  22  2:05  SCV  
  23  2:09  Factory  
  23  2:17  SCV  
  23  2:18  Refinery  
  23  2:21  Barracks Reactor  
  24  2:29  SCV  
  25  2:43  SCV  
  25  2:54  Orbital Command  
  25  2:55  SCV  
  25  2:56  Starport  
  26  2:59  Marine x2, Widow Mine  
  30  3:07  SCV  
  31  3:15  Barracks  
  31  3:16  Orbital Command  
  31  3:17  Marine x2  
  31  3:19  SCV  
  34  3:21  Factory Tech Lab  
  34  3:31  SCV  
  34  3:33  Viking  
  37  3:36  Marine x2  
  38  3:43  SCV  
  38  3:44  SCV  
  40  3:49  Factory Tech Lab  
  40  3:50  Supply Depot  
  40  3:54  Marine  
  41  3:56  Barracks  
  41  3:57  SCV  
  41  3:58  SCV  
  43  4:06  Starport Reactor  
  43  4:08  Siege Tank  
  46  4:12  SCV, Stimpack  
  46  4:13  Marine  
  46  4:16  Marine  
  49  4:20  Supply Depot  
  49  4:22  Marine  
  50  4:29  SCV x2  
  50  4:31  Marine  
  52  4:32  Bunker  
  53  4:41  SCV  
  53  4:43  Siege Tank, Supply Depot  
  57  4:46  Marine  
  57  4:48  Marine  
  57  4:49  Marine  
  57  4:50  Starport Reactor  
  60  4:53  Marine  
  60  4:55  SCV  
  62  5:02  SCV  
  62  5:04  Marine  
  62  5:06  Supply Depot  
  63  5:07  SCV  
  63  5:08  Refinery  
  63  5:10  Marine  
  63  5:11  Engineering Bay  
  63  5:12  Marine  
  66  5:16  SCV  
  66  5:20  Siege Tank  
  70  5:23  Marine  
  70  5:27  Marine, SCV  
  70  5:28  Marine, Supply Depot  
  72  5:31  SCV  
  74  5:38  Missile Turret  
  74  5:39  Marine, Medivac  
  74  5:41  Marine  
  78  5:49  Marine x2, Medivac  
  82  5:51  Supply Depot  
  82  5:52  Marine  
  82  5:53  Supply Depot  
  83  5:57  Siege Tank  
  83  6:02  Marine  
  86  6:12  Marine x4  
  86  6:15  Supply Depot  
  90  6:20  Marine  
  90  6:21  Medivac  
  93  6:27  Supply Depot  
  93  6:30  Marine x4  
  93  6:31  Widow Mine  
  96  6:38  Marine  
  97  6:40  Medivac  
  98  6:47  Marine  
  98  6:48  Marine x3  
  100  6:56  Marine  
  95  7:05  Marine x2  
  95  7:06  Marine x2  
Show
View Real Time Build Order
Export as new Build Order

llllllllllll Protoss 

Build Orders: 1 Gate Expand, Blink Stalkers, Zealot Archon 

Get SALT Encoding   

  12  0:01  Probe  
  13  0:13  Probe  
  14  0:19  Pylon  
  14  0:23  Probe  
  15  0:33  Probe  
  15  0:39  Gateway  
  15  0:41  Probe  
  16  0:47  Assimilator  
  17  0:53  Probe  
  18  1:05  Probe  
  19  1:17  Probe  
  20  1:25  Nexus  
  20  1:35  Cybernetics Core  
  20  1:38  Probe  
  21  1:44  Assimilator  
  21  1:50  Probe  
  21  1:53  Pylon  
  22  2:02  Probe  
  22  2:03  Adept  
  23  2:14  Probe, Warp Gate  
  26  2:26  Probe  
  26  2:29  Sentry  
  28  2:38  Probe  
  29  2:46  Probe  
  29  2:48  Twilight Council  
  29  2:51  Probe  
  30  2:55  Stalker  
  30  2:56  Probe  
  32  3:03  Probe  
  32  3:04  Probe  
  35  3:15  Probe x2, Blink  
  37  3:31  Gateway  
  37  3:32  Gateway  
  37  3:34  Stalker  
  39  3:36  Probe  
  39  3:38  Probe  
  41  3:45  Pylon  
  41  3:47  Probe  
  41  3:48  Probe  
  41  3:55  Probe, Assimilator  
  43  3:56  Probe  
  44  4:03  Probe  
  44  4:04  Probe  
  46  4:14  Pylon  
  46  4:15  Probe  
  46  4:16  Probe  
  48  4:17  Stalker  
  50  4:27  Probe, Stalker  
  50  4:28  Probe  
  54  4:35  Stalker  
  56  4:39  Pylon  
  56  4:45  Robotics Facility  
  56  4:49  Sentry  
  56  4:52  Nexus  
  58  4:58  Probe x2  
  60  5:05  Assimilator  
  60  5:08  Templar Archives  
  60  5:10  Probe x2  
  62  5:15  Charge, Pylon  
  62  5:22  Probe x2  
  62  5:25  Pylon  
  64  5:34  Psionic Storm, Probe x2  
  66  5:39  Gateway  
  66  5:41  Gateway  
  66  5:42  Gateway  
  67  5:48  High Templar  
  68  5:50  Gateway, Warp Prism  
  68  5:56  High Templar  
  70  5:59  Gateway  
  72  6:11  High Templar  
  72  6:13  Gateway  
  72  6:17  Immortal  
  72  6:26  Zealot  
  78  6:33  Pylon  
  78  6:34  High Templar  
  78  6:41  Zealot x2, Stalker  
  84  6:51  Zealot x3  
  82  7:01  Archon  
  60  7:10  Zealot x6  
  60  7:12  Zealot x3  

Tags
 
Add a new tag
Caveats
  • Supply blocks, unpowered buildings, or Contaminate may cause inaccurate times.
  • Supply counts are checked every 10 seconds.